Map: Deathaura LE

Players

OldFashion - Winner!

  • Race: Zerg Zerg
  • League: Diamond
  • Spawn Location: 5:00

DeathByToss

  • Race: Protoss Protoss
  • League: Master
  • Spawn Location: 11:00

VOD

Have the link to the VOD?

Description

Time

  • Played on: Jan. 2, 2021, 7:57 p.m.
  • Length: 12:52
Show
View Real Time Build Order
Export as new Build Order

OldFashion Zerg - Winner!

Build Orders: Hatch First 

Get SALT Encoding   

  12  0:00  Drone  
  13  0:12  Overlord  
  13  0:17  Drone  
  14  0:32  Drone x2  
  16  0:50  Hatchery  
  16  0:55  Drone  
  16  0:56  Drone  
  17  1:00  Drone  
  18  1:16  Spawning Pool  
  17  1:37  Drone  
  17  1:38  Drone x2  
  20  1:50  Overlord  
  20  1:59  Extractor  
  20  2:01  Extractor  
  18  2:03  Zergling x2  
  18  2:04  Zergling x2  
  18  2:05  Spine Crawler  
  18  2:07  Spine Crawler  
  19  2:11  Drone  
  19  2:13  Drone  
  21  2:23  Drone  
  22  2:30  Overlord  
  22  2:33  Drone  
  22  2:35  Drone  
  24  2:47  Queen x2  
  24  2:50  Drone  
  29  2:52  Drone  
  29  2:56  Drone  
  31  3:08  Drone x3  
  31  3:11  Metabolic Boost  
  34  3:14  Drone  
  34  3:17  Drone  
  36  3:33  Overlord  
  36  3:36  Overlord  
  36  3:40  Hatchery  
  35  3:46  Drone  
  35  3:47  Spore Crawler  
  35  3:49  Drone  
  35  3:50  Lair  
  35  3:54  Drone  
  35  3:55  Drone  
  38  4:00  Queen  
  38  4:02  Drone  
  41  4:04  Drone  
  41  4:06  Drone  
  43  4:11  Overlord  
  43  4:15  Drone x2  
  45  4:25  Drone x3  
  45  4:26  Extractor  
  45  4:30  Drone x4  
  45  4:31  Drone x2  
  53  4:35  Extractor  
  53  4:36  Extractor  
  51  4:43  Zergling x6  
  54  4:53  Drone  
  54  4:57  Hydralisk Den  
  54  5:02  Queen x2  
  58  5:10  Overlord  
  58  5:11  Overlord x2  
  58  5:23  Overlord x3  
  58  5:28  Muscular Augments, Queen  
  58  5:31  Overlord  
  60  5:35  Drone  
  60  5:36  Drone x2  
  60  5:37  Drone  
  64  5:46  Drone x5  
  64  5:48  Drone  
  70  5:56  Drone  
  72  5:57  Drone x3  
  72  5:58  Drone x2  
  73  6:09  Drone x3  
  75  6:16  Overlord  
  75  6:23  Hatchery  
  75  6:25  Evolution Chamber x2  
  72  6:27  Drone x2  
  72  6:30  Drone  
  72  6:31  Drone x6  
  72  6:32  Drone  
  82  6:37  Overlord  
  82  6:39  Grooved Spines  
  82  6:47  Spore Crawler  
  81  6:48  Hydralisk x5  
  81  6:50  Extractor  
  81  6:51  Extractor  
  81  6:53  Hydralisk  
  81  6:54  Hydralisk  
  91  7:20  Queen  
  93  7:27  Hydralisk  
  93  7:28  Hydralisk x3  
  97  7:34  Queen  
  97  7:35  Queen x2  
  97  7:36  Hydralisk  
  101  7:37  Hydralisk x5  
  101  7:38  Hydralisk  
  101  7:40  Hydralisk  
  117  7:49  Hydralisk  
  117  7:51  Overlord x3  
  119  7:52  Overlord  
  119  7:56  Zerg Missile Weapons Level 1  
  119  7:59  Zerg Ground Armor Level 1  
  119  8:01  Queen  
  118  8:08  Hydralisk  
  118  8:09  Hydralisk x3  
  118  8:10  Queen  
  118  8:11  Drone x2  
  118  8:12  Drone  
  129  8:14  Drone  
  130  8:21  Hydralisk  
  130  8:22  Hydralisk x2  
  130  8:24  Hydralisk  
  138  8:28  Hydralisk  
  138  8:29  Hydralisk  
  142  8:46  Hydralisk x5  
  152  8:48  Pneumatized Carapace  
  152  8:52  Overlord x2  
  152  8:54  Overlord  
  152  9:10  Hydralisk x7  
  166  9:24  Hydralisk x5  
  176  9:45  Overlord x4  
  176  9:46  Overlord x3  
  176  9:58  Zerg Missile Weapons Level 2, Zerg Ground Armor Level 2  
  176  9:59  Overlord  
  176  10:00  Overlord x3  
  176  10:14  Hydralisk  
  176  10:15  Hydralisk x6  
  176  10:20  Hydralisk  
  176  10:21  Hydralisk x2  
  192  10:28  Hydralisk x3  
  196  10:30  Hydralisk  
  196  10:35  Hydralisk  
  168  10:45  Hydralisk x5  
  168  10:46  Hydralisk  
  172  10:51  Hydralisk  
  172  10:52  Hydralisk  
  170  10:57  Hydralisk  
  170  10:58  Hydralisk x2  
  176  11:06  Hydralisk  
  176  11:08  Overseer x2  
  176  11:09  Overseer  
  166  11:12  Hydralisk x3  
  166  11:17  Overseer  
  154  11:19  Hydralisk x3  
  130  11:40  Hydralisk  
  130  11:41  Hydralisk x8  
  130  11:42  Hydralisk  
  130  11:46  Hydralisk  
  144  11:52  Hydralisk x2  
  144  11:53  Hydralisk  
  150  11:58  Hydralisk  
  150  12:01  Queen  
  150  12:02  Queen  
  150  12:03  Overseer x4  
  150  12:05  Hydralisk  
  150  12:06  Hydralisk  
  158  12:09  Hydralisk  
  158  12:12  Overseer x4, Hydralisk  
  162  12:19  Hydralisk  
  162  12:25  Hydralisk  
  162  12:26  Hydralisk x4  
Show
View Real Time Build Order
Export as new Build Order

DeathByToss Protoss 

Build Orders: Carriers 

Get SALT Encoding   

  12  0:10  Probe  
  13  0:17  Pylon  
  13  0:23  Probe (Chrono Boost)  
  14  0:35  Probe (Chrono Boost)  
  15  0:37  Forge  
  15  0:42  Probe (Chrono Boost)  
  16  0:49  Probe  
  17  1:02  Pylon  
  17  1:03  Pylon  
  17  1:06  Probe  
  18  1:17  Pylon  
  17  1:27  Photon Cannon  
  17  1:31  Probe  
  17  1:39  Gateway  
  17  1:43  Probe (Chrono Boost)  
  17  1:45  Pylon  
  18  1:53  Probe (Chrono Boost), Assimilator  
  19  1:58  Probe (Chrono Boost)  
  20  2:05  Photon Cannon  
  20  2:09  Probe  
  21  2:21  Assimilator  
  21  2:25  Pylon  
  21  2:26  Pylon  
  21  2:28  Pylon  
  21  2:38  Cybernetics Core  
  21  2:50  Probe  
  22  2:54  Nexus  
  22  2:58  Assimilator  
  21  3:02  Zealot (Chrono Boost), Probe  
  24  3:14  Probe  
  24  3:16  Stargate  
  25  3:26  Adept (Chrono Boost), Probe  
  28  3:36  Pylon  
  28  3:38  Probe  
  29  3:44  Shield Battery  
  29  3:50  Warp Gate, Probe  
  30  3:58  Void Ray (Chrono Boost)  
  30  4:02  Probe  
  35  4:13  Probe (Chrono Boost)  
  35  4:15  Probe (Chrono Boost)  
  39  4:24  Probe (Chrono Boost)  
  39  4:25  Void Ray (Chrono Boost)  
  39  4:26  Probe (Chrono Boost)  
  43  4:34  Probe x2  
  45  4:49  Probe x2  
  45  4:50  Assimilator  
  45  4:51  Assimilator  
  47  5:01  Nexus, Probe  
  48  5:14  Probe  
  49  5:17  Void Ray (Chrono Boost)  
  49  5:26  Probe  
  49  5:27  Stargate  
  54  5:33  Pylon  
  54  5:36  Pylon  
  54  5:40  Pylon  
  54  5:51  Pylon x2, Probe x2  
  56  5:58  Void Ray (Chrono Boost)  
  56  6:02  Adept  
  56  6:03  Probe x2  
  64  6:07  Void Ray (Chrono Boost)  
  64  6:13  Probe  
  64  6:15  Probe  
  70  6:24  Fleet Beacon  
  70  6:27  Probe x2  
  72  6:38  Probe  
  73  6:43  Photon Cannon x2  
  73  6:45  Protoss Air Weapons Level 1 (Chrono Boost)  
  73  6:47  Probe  
  73  6:52  Probe x2  
  76  6:54  Adept  
  76  7:00  Gateway  
  78  7:03  Probe  
  78  7:05  Shield Battery, Probe  
  78  7:06  Shield Battery  
  80  7:16  Carrier (Chrono Boost)  
  86  7:23  Adept  
  94  7:41  Carrier (Chrono Boost)  
  94  7:49  Assimilator  
  94  7:51  Assimilator  
  94  7:56  Adept x2  
  98  8:00  Photon Cannon  
  98  8:04  Photon Cannon  
  94  8:09  Carrier (Chrono Boost)  
  92  8:14  Gateway  
  92  8:16  Twilight Council  
  92  8:18  Probe x2  
  92  8:19  Probe  
  99  8:29  Protoss Air Weapons Level 2 (Chrono Boost)  
  99  8:35  Carrier (Chrono Boost)  
  99  8:36  Adept x2  
  109  8:46  Protoss Ground Weapons Level 1 (Chrono Boost)  
  109  8:48  Pylon  
  109  8:49  Charge  
  109  8:50  Pylon  
  109  9:06  Templar Archives, Probe x3  
  109  9:08  Pylon  
  112  9:18  Mothership (Chrono Boost), Nexus  
  120  9:29  Zealot x2  
  124  9:39  Probe x2  
  126  9:49  Pylon  
  126  9:51  Probe  
  127  9:54  Photon Cannon  
  127  10:02  Carrier  
  133  10:09  Photon Cannon  
  133  10:10  Photon Cannon  
  133  10:11  Shield Battery  
  133  10:12  Carrier  
  132  10:25  Zealot  
  132  10:26  Sentry  
  134  10:36  Adept  
  129  10:45  Dark Shrine  
  129  10:46  Gateway, High Templar  
  131  11:03  Adept x2  
  135  11:10  Pylon  
  132  11:17  Carrier  
  136  11:26  Zealot x2  
  136  11:33  Pylon  
  136  11:38  Probe x2  
  103  11:48  Zealot x3  
  103  11:54  Gateway  
  98  12:07  Dark Templar  
  90  12:38  Dark Templar x2  
Tags
 
Composition
Carriers
Matchup
PvZ
Spawn Locations
Cross Positions
Add a new tag
Caveats
  • Supply blocks, unpowered buildings, or Contaminate may cause inaccurate times.
  • Supply counts are checked every 10 seconds.